 Dungeon Crawl Stone Soup version 0.18-a0-1186-gd02dc51 (webtiles) character file.

177 4thArraOfDagon the Cudgeler (level 5, 0/85 HPs)
             Began as an Ogre Berserker on Jan 28, 2016.
             Was a Follower of Trog.
             Slain by a giant frog (4 damage)
             ... on level 7 of the Dungeon.
             The game lasted 00:03:31 (667 turns).

4thArraOfDagon the Cudgeler (Ogre Berserker)         Turns: 667, Time: 00:03:31

Health: 0/85       AC:  4    Str: 28    XL:     5   Next: 57%
Magic:  6/6        EV: 10    Int:  6    God:    Trog [*.....]
Gold:   19         SH:  0    Dex:  9    Spells: 0 memorised, 4 levels left

rFire  . . .     SeeInvis .     i - -3 mace (curse)
rCold  . . .     Gourm    .     b - +0 animal skin
rNeg   . . .     Faith    .     (no shield)
rPois  .         Spirit   .     (helmet restricted)
rElec  .         Dismiss  .     g - +0 cloak (curse)
rCorr  .         Reflect  .     (gloves unavailable)
SustAt .         Harm     .     (boots unavailable)
MR     .....                    (no amulet)
Stlth  ..........               (no ring)
                                (no ring)

@: berserking, very slightly contaminated, very quick, not resistant to hostile
enchantments, extremely unstealthy
A: unfitting armour, tough skin 1
a: Berserk, Burn Spellbooks, Renounce Religion


You were on level 7 of the Dungeon.
You worshipped Trog.
Trog was aware of your devotion.
You were hungry.

You visited 1 branch of the dungeon, and saw 7 of its levels.

You collected 19 gold pieces.

Inventory:

Hand Weapons
 a - a +0 mace
 e - a +4 quarterstaff of chaos
 i - a cursed -3 mace (weapon)
Armour
 b - a +0 animal skin (worn)
 g - a cursed +0 cloak (worn)
Wands
 j - a wand of frost (44/48)
Potions
 f - a potion of magic
Comestibles
 c - a bread ration
 d - a chunk of flesh
 k - a meat ration


   Skills:
 + Level 5.3 Fighting
 * Level 5.9 Maces & Flails
 + Level 3.4 Dodging
 + Level 1.3 Evocations


You had 4 spell levels left.
You didn't know any spells.

Dungeon Overview and Level Annotations

Branches:
Dungeon (7/15)
 Temple: D:4-7

Altars:


Innate Abilities, Weirdness & Mutations

You are too large for most types of armour.
You have tough skin (AC +1).


Message History

The giant frog hits you!
* * * LOW HITPOINT WARNING * * *
You closely miss the giant frog.
The giant frog is moderately wounded.
The giant frog closely misses you.
The centaur unwields an uncursed shortbow.
The centaur hits you.
* * * LOW HITPOINT WARNING * * *
Unknown command.
You miss the giant frog.
The giant frog is moderately wounded.
The giant frog hits you but does no damage.
The centaur closely misses you. The giant frog hits you.
* * * LOW HITPOINT WARNING * * *
Unknown command.
You completely miss the giant frog.
The giant frog is moderately wounded.
The centaur hits you but does no damage.
The giant frog hits you.
You die...

. #
....#.####
.......@<#
......cF.#
##<##.....#
#........
%.........#
###........#
##.....#.#
##.......


You could see a giant frog and a centaur.

Vanquished Creatures
  A sky beast (D:6)
  Crazy Yiuf (D:6)
  Jessica (D:2)
  An adder (D:6)
  2 bats
  A giant cockroach (D:3)
  2 goblins (D:2)
  4 hobgoblins
  2 jackals (D:2)
  2 kobolds
  A quokka (D:2)
  A ball python (D:2)
  2 giant newts
  A rat (D:2)
22 creatures vanquished.

Notes
Turn   | Place    | Note
--------------------------------------------------------------
     0 | D:1      | 4thArraOfDagon the Ogre Berserker began the quest for the Orb.
     0 | D:1      | Reached XP level 1. HP: 24/24 MP: 1/1
   129 | D:2      | Reached XP level 2. HP: 32/32 MP: 2/2
   243 | D:2      | Noticed Jessica
   268 | D:2      | Killed Jessica
   268 | D:2      | Reached XP level 3. HP: 37/40 MP: 3/3
   269 | D:2      | Reached skill level 5 in Maces & Flails
   329 | D:3      | Reached ** piety under Trog
   351 | D:3      | You fall through a shaft for 3 floors!
   354 | D:5      | Entered Level 5 of the Dungeon
   445 | D:6      | Noticed a sky beast
   478 | D:6      | HP: 2/41 [sky beast (5)]
   528 | D:7      | Noticed a giant frog
   528 | D:7      | Noticed a centaur
   558 | D:6      | Killed a sky beast
   558 | D:6      | Reached skill level 5 in Fighting
   558 | D:6      | Reached skill level 1 in Evocations
   558 | D:6      | Reached XP level 4. HP: 27/50 MP: 4/4
   558 | D:6      | Reached XP level 5. HP: 30/57 MP: 5/5
   600 | D:6      | Noticed Crazy Yiuf
   610 | D:6      | Killed Crazy Yiuf
   666 | D:7      | HP: 4/85 [giant frog (1)]
   667 | D:7      | Slain by a giant frog

Vault maps used:
D:1:      grunt_arrival_crossed_arrows
D:2:      overflow_temple_1_default, uniq_jessica
D:3:      cheibriados_altar_wand_db, first_bread, st_stairs_13
D:4:      marbit_many_paths, serial_shops, shop
D:5:      temple_green, serial_shops, nicolae_shop_statue_plus
D:6:      kennysheep_vampire_church, serial_shops, shop,
          roderic_hopi_sauvastika, uniq_crazy_yiuf_cottage
D:7:      grunt_temple_overflow_gold_and_silver, uniq_pikel

Action                   |  1- 3 |  4- 6 || total
-------------------------+-------+-------++-------
Melee: Mace              |    65 |    10 ||    75
Invok: Berserk           |     5 |     2 ||     7
       Trog's Hand       |     2 |       ||     2
Evoke: Wand              |     1 |     3 ||     4
  Use: Scroll            |     4 |       ||     4
       Potion            |     2 |       ||     2
  Eat: Chunk             |     3 |       ||     3
       Fruit             |       |     3 ||     3
